 Dungeon Crawl Stone Soup version 0.25.1-2-g60ff931df9 (webtiles) character file.

Game seed: 17868207008999544051

67 Descartes the Shield-Bearer (level 4, -3/37 HPs)
             Began as a Formicid Fighter on Aug 16, 2020.
             Slain by an orc warrior
             ... wielding a +0 glaive
              (16 damage)
             ... on level 2 of the Dungeon.
             The game lasted 00:04:16 (1593 turns).

Descartes the Shield-Bearer (Formicid Fighter)      Turns: 1593, Time: 00:04:16

Health: -3/37      AC:  7    Str: 21    XL:     4   Next: 40%
Magic:  4/4        EV:  8    Int:  8    God:
Gold:   100        SH:  9    Dex: 10    Spells: 3/3 levels left

rFire    . . .     SeeInvis +   a - +0 long sword
rCold    . . .     Gourm    .   c - +0 kite shield
rNeg     . . .     Faith    .   b - +0 scale mail
rPois    .         Spirit   .   (helmet unavailable)
rElec    .         Reflect  .   (no cloak)
rCorr    .         Harm     .   (no gloves)
MR       .....                  (no boots)
Stlth    ..........             g - amulet of magic regeneration
HPRegen  0.12/turn              (no ring)
MPRegen  0.34/turn              (no ring)

@: no status effects
A: permanent stasis, dig shafts and tunnels, four strong arms, antennae 3
a: Dig, Shaft Self


You were on level 2 of the Dungeon.
You were not hungry.

You visited 1 branch of the dungeon, and saw 2 of its levels.

You collected 100 gold pieces.

Inventory:

Hand Weapons
 a - a +0 long sword (weapon)
Missiles
 j - 12 poisoned darts (quivered)
 l - 44 stones
 q - 17 arrows
 r - 2 curare-tipped darts
Armour
 b - a +0 scale mail (worn)
 c - a +0 kite shield (worn)
Jewellery
 g - an amulet of magic regeneration (around neck)
 m - an uncursed ring of positive energy {unknown}
Scrolls
 e - a scroll of enchant armour {unknown}
 i - a scroll of immolation {unknown}
 k - a scroll of noise {unknown}
 p - a scroll of identify {unknown}
Potions
 d - 3 potions of might
 h - a potion of degeneration {unknown}
 n - 2 potions of curing {unknown}
 o - a potion of flight {unknown}
Comestibles
 f - 3 rations


   Skills:
 + Level 4.0 Fighting
 - Level 2.0 Long Blades
 + Level 4.0 Armour
 + Level 0.4 Dodging
 + Level 4.6 Shields


You had 3 spell levels left.
You didn't know any spells.
Your spell library was empty.

Dungeon Overview and Level Annotations

Branches:
Dungeon (2/15)

Altars:
Nemelex Xobeh
Wu Jian


Innate Abilities, Weirdness & Mutations

You cannot be hasted, slowed, berserked, paralysed or teleported.
You can dig through walls and to a lower floor.
Your four strong arms can wield two-handed weapons with a shield.
You have a pair of large antennae on your head. (SInv)


Message History

You closely miss the orc wizard.
The orc wizard is lightly wounded.
You block the orc wizard's attack.
You closely miss the orc wizard.
The orc wizard is lightly wounded.
You block the orc wizard's attack.
The orc wizard points at you and mumbles some strange words.
The puff of flame hits you!
You hit the orc wizard but do no damage.
The orc wizard is lightly wounded.
You block the orc wizard's attack. The orc warrior barely misses you.
You closely miss the orc wizard.
The orc wizard is lightly wounded.
The orc wizard casts a spell at you. The puff of flame hits you!
You block the orc warrior's attack.
You closely miss the orc wizard.
The orc wizard is lightly wounded.
You block the orc wizard's attack.
The orc warrior hits you from afar with a +0 glaive!
You die...

##.....##.#
###.......#.#
....._..... #.......#
#.....# #...# #.# #+#
#)########.#
#####..oo@)....#
#......o######## {
#.......{...... {
#........######
...####........#....#
.............o.#....#
...####........#....#
#......o.#....#
#........#....#


You could see an orc warrior, an orc wizard and an orc.

Vanquished Creatures
  An orc priest (D:2)
  A worm (D:2)
  A dart slug (D:1)
  2 giant cockroaches (D:1)
  3 goblins
  2 hobgoblins
  8 jackals
  4 kobolds
  A ball python (D:1)
  4 bats (D:1)
  3 frilled lizards (D:1)
  2 rats (D:1)
32 creatures vanquished.

Notes
Turn   | Place    | Note
-------+----------+-------------------------------------------
     0 | D:1      | Descartes the Formicid Fighter began the quest for the Orb.
     0 | D:1      | Reached XP level 1. HP: 18/18 MP: 1/1
   353 | D:1      | Found a sparkling altar of Nemelex Xobeh.
   430 | D:1      | Reached XP level 2. HP: 24/24 MP: 2/2
   808 | D:1      | Reached XP level 3. HP: 30/30 MP: 3/3
  1236 | D:2      | Found an ornate altar of the Wu Jian Council.
  1267 | D:2      | Reached XP level 4. HP: 6/37 MP: 4/4
  1563 | D:2      | Noticed an orc warrior
  1593 | D:2      | Slain by an orc warrior

Illustrated notes

Levels and vault maps discovered:
D:1:      moated_graveyard_arrival, layout_basic, st_stairs_12,
          dk_noncrumbling_2, nemelex_diamond_rough_becter
D:2:      layout_basic, lemuel_round_altar, nemelex_xobeh_ov_fountains_minmay,
          first_ration

Skill      XL: |  1  2  3 |
---------------+----------+-----
Shields        | 4 |  4.6
Fighting       | 4 |  4.0
Armour         | 4 |  4.0
Long Blades    | |  2.0
Dodging        | |  0.4

Action                   |  1- 3 |  4- 6 || total
-------------------------+-------+-------++-------
Melee: Long sword        |   109 |    14 ||   123
  Eat: Chunk             |     1 |     1 ||     2
Armor: Scale mail        |    62 |     7 ||    69
Dodge: Dodged            |    40 |     7 ||    47
Block: Kite shield       |    73 |    13 ||    86
       Rpst.: Long sword |    12 |     1 ||    13
